 Dungeon Crawl Stone Soup version 0.17-a0-1479-g4041c36 (webtiles) character file.

81 pulse the Chopper (level 4, -4/37 HPs)
             Began as a Formicid Berserker on July 3, 2015.
             Was a Believer of Trog.
             Slain by a gnoll
             ... wielding a +0 spear
              (6 damage)
             ... on level 2 of the Dungeon.
             The game lasted 00:02:14 (1741 turns).

pulse the Chopper (Formicid Berserker)              Turns: 1741, Time: 00:02:14

Health: -4/37      AC:  2    Str: 28    XL:     4   Next: 68%
Magic:  4/4        EV: 12    Int:  6    God:    Trog [**....]
Gold:   76         SH:  0    Dex: 10    Spells: 0 memorised, 3 levels left

rFire  . . .     SeeInvis +     a - +0 hand axe
rCold  . . .     Clarity  +     b - +0 animal skin
rNeg   . . .     SustAt   .     (no shield)
rPois  .         Gourm    .     (helmet unavailable)
rElec  .         Spirit   .     (no cloak)
rCorr  .         Warding  .     (no gloves)
rMut   .         Stasis   +     (no boots)
MR     .....                    l - amulet of clarity
Stlth  +.........               (no ring)
                                g - ring of teleportation (curse)

@: mighty, not resistant to hostile enchantments, very unstealthy
A: permanent stasis, dig shafts and tunnels, four strong arms, antennae 3
a: Dig, Shaft Self, Burn Spellbooks, Trog's Hand, Renounce Religion, Evoke
Teleportation


You were on level 2 of the Dungeon.
You worshipped Trog.
Trog was pleased with you.
You were hungry.

You visited 1 branch of the dungeon, and saw 2 of its levels.

You collected 76 gold pieces.

Inventory:

Hand weapons
 a - a +0 hand axe (weapon)
Armour
 b - a +0 animal skin (worn)
Jewellery
 g - a cursed ring of teleportation (left hand)
 l - an amulet of clarity (around neck)
Magical devices
 n - a wand of random effects (31)
Scrolls
 j - 2 scrolls of magic mapping {unknown}
 k - a scroll of amnesia {unknown}
Potions
 d - a potion of curing {unknown}
 e - a potion of heal wounds {unknown}
 f - a potion of might
 o - 2 potions of degeneration {unknown}
Comestibles
 c - a bread ration
 h - 2 meat rations
 i - a slice of pizza
 m - 3 fruits


   Skills:
 + Level 3.7 Fighting
 * Level 4.6 Axes
 + Level 2.4 Armour
 - Level 1.7 Dodging


You had 3 spell levels left.
You didn't know any spells.

Dungeon Overview and Level Annotations

Branches:
Dungeon (2/15)

Altars:


Innate Abilities, Weirdness & Mutations

You are under a permanent stasis effect.
You can dig through walls and to a lower floor.
Your four strong arms can wield two-handed weapons with a shield.
You have a pair of large antennae on your head (SInv).


Message History

You hit the gnoll.
The gnoll is heavily wounded.
The gnoll hits you with a halberd.
* * * LOW HITPOINT WARNING * * *
The gnoll closely misses you.
You are too injured to fight recklessly!
You are too injured to fight recklessly!
You are too injured to fight recklessly!
You are too injured to fight recklessly!
You slash the gnoll!
You kill the gnoll!
Trog accepts your kill.
The gnoll hits you from afar with a spear!
* * * LOW HITPOINT WARNING * * *
You are too injured to fight recklessly!
You slash the gnoll!
You kill the gnoll!
Trog accepts your kill.
The gnoll hits you from afar with a spear.
You die...

#...g..(.# #.#.##
#....#g# #....#
#......#.####.#.##
##...............#
###.########.##.#
#..g.....##.##.#
#....g..g...##.#
#...####)#####.#
#...# #@# #.#
#...# #.# #.#
.....# #.#####.#
###..## #.......#
#..#####.#######
#........#
#.#####..# #####
#.#####..# #...
#..<.....###.###


You could see a gnoll.

Vanquished Creatures
  3 gnolls (D:2)
  An adder (D:1)
  An ooze (D:1)
  A worm (D:2)
  2 giant geckos (D:1)
  5 bats
  6 goblins (D:1)
  A hobgoblin (D:1)
  2 kobolds (D:1)
  2 quokkas (D:2)
  5 giant cockroaches
  2 giant newts (D:1)
  2 jackals (D:1)
  3 rats (D:1)
36 creatures vanquished.

Notes
Turn   | Place    | Note
--------------------------------------------------------------
     0 | D:1      | pulse the Formicid Berserker began the quest for the Orb.
     0 | D:1      | Reached XP level 1. HP: 18/18 MP: 1/1
   195 | D:1      | Reached XP level 2. HP: 16/24 MP: 2/2
   654 | D:1      | Reached XP level 3. HP: 21/29 MP: 3/3
   791 | D:1      | Reached skill level 4 in Axes
  1002 | D:1      | Acquired Trog's second power
  1373 | D:2      | Reached XP level 4. HP: 21/36 MP: 4/4
  1741 | D:2      | Slain by a gnoll

Vault maps used:
D:1:      mrwooster_arrival_statue_3, serial_park_tiny_pond,
          minmay_misc_feat_cross
D:2:      lemuel_blue_sif_altar, nemelex_xobeh_ov_fountains_minmay,
          okawaru_ov_weapons_minmay

Action                   |  1- 3 |  4- 6 || total
-------------------------+-------+-------++-------
Melee: Hand axe          |   130 |    17 ||   147
  Use: Scroll            |     1 |       ||     1
       Potion            |       |     1 ||     1
  Eat: Chunk             |     1 |     1 ||     2
